 Dungeon Crawl Stone Soup version 0.29-a0-43-g62a80824bf (webtiles) character file.

Game seed: 13163275309539755636

37 Hubjo the Sneak (level 3, 0/24 HPs)
             Began as a Vampire Enchanter on Feb 2, 2022.
             Slain by a kobold (4 damage)
             ... on level 2 of the Dungeon.
             The game lasted 00:03:58 (872 turns).

Hubjo the Sneak (Vampire Enchanter)                  Turns: 872, Time: 00:03:59

Health: 0/24       AC:  2    Str:  7    XL:     3   Next: 23%
Magic:  6/6        EV: 13    Int: 17    God:
Gold:   48         SH:  0    Dex: 16    Spells: 6/6 levels left

rFire   . . .      SeeInvis +   a - +1 dagger
rCold   . . .      Faith    .   (no shield)
rNeg    . . .      Spirit   .   b - +0 robe
rPois   .          Reflect  .   (no helmet)
rElec   .          Harm     .   (no cloak)
rCorr   .          Rampage  .   (no gloves)
Will    .....                   (no boots)
Stlth   +++.......              (no amulet)
HPRegen 0.28/turn               (no ring)
MPRegen 0.10/turn               (no ring)

@: attractive, healing quickly
A: alive, fangs 3, see invisible, vampiric 2
a: Exsanguinate


You were on level 2 of the Dungeon.
You visited 1 branch of the dungeon, and saw 2 of its levels.

You collected 48 gold pieces.

Inventory:

Hand Weapons
 a - a +1 dagger (weapon)
Armour
 b - a +0 robe (worn)
Scrolls
 e - a scroll of teleportation {unknown}
Potions
 c - a potion of invisibility


   Skills:
 + Level 1.6 Short Blades
 + Level 2.6 Dodging
 * Level 5.3 Stealth
 + Level 2.2 Spellcasting
 + Level 4.8 Hexes


You had 6 spell levels left.
You didn't know any spells.
Your spell library contained the following spells:

 Spells                   Type           Power      Damage    Failure   Level
 Confusing Touch          Hex            18%        N/A       8%          3
 Tukima's Dance           Hex            18%        N/A       8%          3
 Ensorcelled Hibernation  Hex/Ice        20%        N/A       11%         2
 Dazzling Flash           Conj/Hex       20%        N/A       22%         3


Dungeon Overview and Level Annotations

Branches:
Dungeon (2/15)

Altars:


Innate Abilities, Weirdness & Mutations

Your natural rate of healing is accelerated.
You have razor-sharp teeth.
You have supernaturally acute eyesight. (SInv)
You are afflicted with vampirism and can become a bat while bloodless.


Message History

You completely miss the quokka.
The quokka is heavily wounded.
The quokka completely misses you. The adder barely misses you.
You hit the quokka but do no damage. You bite the quokka.
You kill the quokka!
The adder completely misses you.
You barely miss the adder. The adder bites you. The kobold closely misses you.
You don't know any spells.
This spell is quite dangerous to cast!
Memorise Confusing Touch, consuming 3 spell levels and leaving 3?
Okay, then.
It was a potion of attraction.
You feel attractive to monsters. The adder barely misses you.
The kobold misses you.
It was a potion of heal wounds.
You feel much better.
The adder barely misses you. x2; The kobold barely misses you.
You closely miss the kobold. The adder barely misses you.
The kobold misses you.
You hit the kobold but do no damage. The adder closely misses you.
The kobold hits you with a +0 club.
You hit the kobold.
The kobold is moderately wounded.
The adder misses you. The kobold hits you with a +0 club.
You hit the kobold but do no damage. Your bite misses the kobold.
The kobold is moderately wounded.
The adder closely misses you. The adder misses you.
You miss the adder. The kobold hits you with a +0 club. The adder bites you.
You closely miss the adder. The kobold hits you with a +0 club.
The adder misses you.
You barely miss the adder. The adder bites you.
* * * LOW HITPOINT WARNING * * *
The kobold hits you with a +0 club.
* * * LOW HITPOINT WARNING * * *
You closely miss the adder. The adder barely misses you.
The kobold hits you with a +0 club.
* * * LOW HITPOINT WARNING * * *
You barely miss the adder. You bite the adder.
The adder is moderately wounded.
The adder misses you. The kobold hits you with a +0 club.
You die...

......# ......
........## ........#
.........###........#
...........#........###
........................
......).......#.....##..
.....(......###.........
......S#K......†......#.
... #@................ .
#.....#..>........#.
######...#........##.
##8_8###..............
#.....##..##..........
##.....##..............
#.......#..........)..#
#..8.8..#..(...........
#.......#...#........#.


You could see an adder and a kobold.

Vanquished Creatures
  An adder (D:2)
  A dart slug (D:1)
  2 ball pythons (D:1)
  6 endoplasms (D:1)
  A giant cockroach (D:1)
  2 hobgoblins (D:1)
  A kobold (D:1)
  3 quokkas (D:2)
  5 bats (D:1)
  A frilled lizard (D:2)
  A goblin (D:1)
  A rat (D:1)
25 creatures vanquished.

Notes
Turn   | Place    | Note
-------+----------+-------------------------------------------
     0 | D:1      | Hubjo the Vampire Enchanter began the quest for the Orb.
     0 | D:1      | Reached XP level 1. HP: 13/13 MP: 3/3
   229 | D:1      | Reached XP level 2. HP: 15/19 MP: 5/5
   300 | D:1      | Reached skill level 5 in Stealth
   778 | D:2      | Found a faded altar of an unknown god.
   837 | D:2      | Gained mutation: You are afflicted with vampirism and can
                  | become a bat while bloodless. [Vampire growth]
   837 | D:2      | Reached XP level 3. HP: 20/24 MP: 6/6
   872 | D:2      | Slain by a kobold

Illustrated notes

Levels and vault maps discovered:
D:1:      elethiomel_arrival_shortcut, layout_loops_ring, minmay_small_reverse_x
D:2:      layout_rooms, hellmonk_ecumenical_altar_prayer_group, minmay_quantized

Skill      XL: |  1  2 |
---------------+-------+-----
Stealth        | 5 |  5.3
Short Blades   | |  1.6
Dodging        | |  2.6
Spellcasting   | |  2.2
Hexes          | |  4.8

Action                   || total
-------------------------++-------
Melee: Dagger            ||   113
       Bite              ||     7
       Punch             ||     1
  Use: Potion            ||     2
 Stab: Sleeping          ||     8
Armor: Robe              ||    32
Dodge: Dodged            ||    98

Table legend: (Time is in decaauts)
 A = Elapsed time spent in this place.
 B = Non-inter-level travel time spent in this place.
 C = Inter-level travel time spent in this place.
 D = Time resting spent in this place.
 E = Time spent auto-exploring this place.
 F = Levels seen in this place.
 G = Mean time per level.
                   A        B        C        D        E       F      G
               +--------+--------+--------+--------+--------+-----+--------+
         Total |    865 |    768 |     97 |      0 |    527 |   2 |  432.5 |
       Dungeon |    865 |    768 |     97 |      0 |    527 |   2 |  432.5 |
               +--------+--------+--------+--------+--------+-----+--------+

Top non-repeatable levels by time:
     D:1: 763 daAuts
     D:2: 101 daAuts
